AoeStats
← dashuaibi

Fortress

508634901Analyzed
3v3 RM · 9d ago on Sep 23, 2026· 54m 20s· 6 players
Game mode
Random Map
Map size
Large (8 player)
Population
200
Speed
Normal
Resources
Standard
Victory
Conquest
Starting age
Dark Age
Ending age
Imperial Age
RankedLock teamsTeams togetherTeam positionsShared explorationLock speedFull tech treeHidden civsTurbo modeCheats
Victory
Defeat
🇦🇺 Goths · Australia
1517
+11
🇦🇺 Hindustanis · Australia
1506
+12
🇦🇺 Vietnamese · Australia
1455
+14
🇨🇳 Poles · China
1471
-14
🇯🇵 Saxons · Japan
1417
-13
🇨🇳 Mongols · China
1345
-10
mayoke331
6:28 Feudal Age
7:27 Horse Collar
8:52 Wheelbarrow
12:41 Castle Age
10:46 Double-Bit Axe
14:58 Bow Saw
16:08 Heavy Plow
16:38 Loom
17:08 Gold Mining
20:44 Hand Cart
20:15 Town Watch
22:17 Fortified Wall
26:32 Imperial Age
23:47 Treadmill Crane
25:33 Man-at-Arms
26:15 Scale Mail Armor
26:25 Forging
26:37 Long Swordsman
27:18 Squires
27:35 Chain Mail Armor
27:06 Gambesons
26:58 Shield Wall
27:26 Two-Handed Swordsman
27:52 Arson
28:44 Iron Casting
29:41 Two-Man Saw
28:25 Champion
30:16 Plate Mail Armor
30:00 Masonry
29:17 Capped Ram
30:06 Fletching
31:00 Conscription
31:59 Architecture
31:13 Siege Ram
32:56 Stone Mining
33:42 Gold Shaft Mining
33:14 Pikeman
34:22 Siege Engineers
38:45 Guard Tower
38:40 Arrowslits
43:31 Keep
43:17 Ballistics
43:57 Chemistry
42:42 Onager
43:16 Onager
54:27 Caravan
dashuaibi
7:32 Feudal Age
8:58 Double-Bit Axe
9:22 Horse Collar
11:51 Castle Age
16:49 Bow Saw
16:41 Loom
20:33 Wheelbarrow
20:51 Stone Mining
20:52 Gold Mining
22:18 Hand Cart
22:42 Gold Shaft Mining
22:42 Stone Shaft Mining
22:48 Stone Shaft Mining
26:27 Imperial Age
24:01 Town Watch
24:16 Fletching
25:04 Thumb Ring
25:35 Bodkin Arrow
25:43 Padded Archer Armor
25:49 Scale Barding Armor
26:08 Ballistics
26:39 Elite Mangudai
27:39 Conscription
27:46 Bracer
28:04 Leather Archer Armor
28:16 Chain Barding Armor
31:07 Chemistry
30:18 Masonry
30:49 Bloodlines
30:39 Husbandry
30:13 Capped Ram
31:10 Caravan
31:40 Coinage
31:09 Siege Ram
31:13 Onager
33:14 Forging
35:30 Parthian Tactics
36:00 Siege Engineers
36:06 Fortified Wall
36:10 Light Cavalry
38:10 Iron Casting
38:02 Drill
39:04 Hussar
43:51 Blast Furnace
48:20 Murder Holes
2067
7:10 Feudal Age
10:45 Castle Age
9:09 Double-Bit Axe
9:52 Horse Collar
17:34 Loom
18:17 Scale Mail Armor
18:12 Fletching
20:54 Forging
23:26 Chain Mail Armor
26:15 Bow Saw
28:42 Wheelbarrow
34:32 Imperial Age
32:26 Bodkin Arrow
34:15 Iron Casting
Guesty
8:08 Feudal Age
9:00 Double-Bit Axe
11:41 Castle Age
9:35 Horse Collar
13:41 Bow Saw
16:34 Heavy Plow
18:56 Gold Mining
19:45 Stone Mining
24:27 Imperial Age
21:45 Loom
22:48 Scale Barding Armor
22:53 Forging
23:52 Chain Barding Armor
24:07 Bloodlines
23:58 Husbandry
25:13 Wheelbarrow
25:38 Gold Shaft Mining
24:35 Heavy Camel Rider
25:39 Conscription
25:56 Plate Barding Armor
26:41 Chemistry
26:37 Hand Cart
27:16 Imperial Camel Rider
28:50 Iron Casting
29:29 Ballistics
29:06 Town Watch
29:28 Grand Trunk Road
32:05 Blast Furnace
35:56 Shatagni
35:59 Padded Archer Armor
37:00 Thumb Ring
38:47 Coinage
39:32 Hoardings
39:05 Siege Engineers
39:12 Masonry
39:32 Scale Mail Armor
41:13 Stone Shaft Mining
41:21 Stone Shaft Mining
45:34 Caravan
45:26 Light Cavalry
46:07 Hussar
48:31 Murder Holes
48:29 Fletching
50:15 Bodkin Arrow
51:21 Bracer
Ignoramus_the_Ignorant
3:50 Loom
7:53 Feudal Age
11:50 Castle Age
9:35 Horse Collar
10:06 Double-Bit Axe
11:33 Scale Mail Armor
11:39 Gold Mining
12:22 Forging
18:42 Chain Mail Armor
20:44 Squires
22:17 Iron Casting
21:31 Man-at-Arms
23:13 Long Swordsman
30:31 Fletching
35:33 Imperial Age
36:08 Elite Huskarl
38:58 Wheelbarrow
39:47 Blast Furnace
39:34 Conscription
40:43 Two-Handed Swordsman
42:32 Bodkin Arrow
41:59 Pikeman
48:44 Champion
49:12 Halberdier
52:35 Capped Ram
Dissident Aggressor
7:14 Feudal Age
11:53 Castle Age
9:42 Loom
9:57 Horse Collar
10:22 Double-Bit Axe
11:59 Wheelbarrow
13:15 Bow Saw
13:07 Heavy Plow
19:25 Fortified Wall
20:53 Coinage
24:31 Hand Cart
28:01 Imperial Age
25:25 Fletching
25:36 Padded Archer Armor
24:59 Elite Skirmisher
26:01 Town Watch
26:37 Bodkin Arrow
27:27 Leather Archer Armor
28:28 Thumb Ring
28:59 Ballistics
28:43 Bracer
28:26 Elite Rattan Archer
29:50 Ring Archer Armor
29:27 Imperial Skirmisher
31:13 Chemistry
31:46 Hoardings
36:02 Crossbowman
36:58 Arbalester
42:24 Onager
Connection lost

Rejoining the realm…

Still unreachable

The connection could not be restored.

Session expired

The server has moved on; the page needs a fresh start.